 Dungeon Crawl Stone Soup version 0.18.1-50-g88ac8fd (webtiles) character file.

137 magog001 the Skirmisher (level 5, -2/33 HPs)
             Began as a Gargoyle Fighter on Dec 25, 2018.
             Slain by a phantom (6 damage)
             ... on level 4 of the Dungeon.
             The game lasted 00:06:13 (1273 turns).

magog001 the Skirmisher (Gargoyle Fighter)          Turns: 1273, Time: 00:06:13

Health: -2/33      AC: 13    Str: 20    XL:     5   Next: 20%
Magic:  5/5        EV:  7    Int:  9    God:
Gold:   50         SH:  9    Dex:  9    Spells: 0 memorised, 4 levels left

rFire  . . .     SeeInvis .     a - +0 flail
rCold  . . .     Gourm    .     b - +0 scale mail
rNeg   + . .     Faith    .     c - +0 shield
rPois  ∞         Spirit   .     (no helmet)
rElec  +         Dismiss  .     l - +0 cloak
rCorr  .         Reflect  .     (no gloves)
SustAt .         Harm     .     j - +0 pair of boots
MR     .....                    (no amulet)
Stlth  ..........               (no ring)
                                (no ring)

@: not resistant to hostile enchantments, extremely unstealthy
A: negative energy resistance 1, electricity resistance, unbreathing,
petrification resistance, rot immunity, AC +4
a: no special abilities


You were on level 4 of the Dungeon.
You were hungry.

You visited 1 branch of the dungeon, and saw 3 of its levels.

You collected 50 gold pieces.

Inventory:

Hand Weapons
 a - a +0 flail (weapon)
 h - a +0 hunting sling
Armour
 b - a +0 scale mail (worn)
 c - a +0 shield (worn)
 j - a +0 pair of boots (worn)
 l - a +0 cloak (worn)
Scrolls
 g - 2 scrolls of teleportation {unknown}
 i - a scroll of magic mapping {unknown}
 m - a scroll of identify {unknown}
Potions
 d - a potion of might
 e - a potion of curing {unknown}
 k - a potion of haste {unknown}
Comestibles
 f - a bread ration
 n - 14 chunks of flesh


   Skills:
 + Level 4.2 Fighting
 + Level 2.7 Maces & Flails
 + Level 4.0 Armour
 + Level 1.3 Dodging
 + Level 4.0 Shields


You had 4 spell levels left.
You didn't know any spells.

Dungeon Overview and Level Annotations

Branches:
Dungeon (2/15)

Altars:


Innate Abilities, Weirdness & Mutations

You are resistant to torment.
Your stone body is resilient (AC +4).
You are immune to poison.
You resist negative energy.
You are resistant to electric shocks.
You can survive without breathing.
You are immune to petrification.
You are immune to rotting.


Message History

Found 11 gold pieces.
You closely miss the phantom.
The phantom is heavily damaged.
The phantom hits you but does no damage.
The phantom barely misses you.
You barely miss the phantom.
The phantom is heavily damaged.
You block the phantom's attack.
You barely miss the phantom.
The phantom is heavily damaged.
The phantom hits you.
* * * LOW HITPOINT WARNING * * *
You block the phantom's attack.
You hit the phantom.
The phantom is heavily damaged.
The phantom hits you but does no damage.
You barely miss the phantom.
The phantom is heavily damaged.
The phantom hits you.
You die...

###.# #...#####
##........
#.)......
#..#####)#..####
#.....))(.....#
........)....##....
......######.# #
##.##....W@..# #
...........$....
################


You could see a phantom.

Vanquished Creatures
  2 orc wizards (D:4)
  An orc priest (D:4)
  A worm (D:1)
  2 dart slugs
  6 orcs (D:4)
  3 bats (D:1)
  A giant cockroach (D:1)
  2 goblins
  A hobgoblin (D:1)
  6 jackals (D:2)
  2 ball pythons (D:1)
  A giant newt (D:1)
  A kobold (D:1)
  14 rats
43 creatures vanquished.

Notes
Turn   | Place    | Note
--------------------------------------------------------------
     0 | D:1      | magog001 the Gargoyle Fighter began the quest for the Orb.
     0 | D:1      | Reached XP level 1. HP: 14/14 MP: 1/1
   207 | D:1      | Reached XP level 2. HP: 16/19 MP: 2/2
   842 | D:1      | Reached XP level 3. HP: 24/24 MP: 3/3
  1214 | D:2      | You fall through a shaft for 2 floors!
  1214 | D:4      | Noticed a phantom
  1219 | D:4      | Reached XP level 4. HP: 29/29 MP: 4/4
  1222 | D:4      | Reached skill level 1 in Dodging
  1231 | D:4      | Reached XP level 5. HP: 26/33 MP: 5/5
  1273 | D:4      | Slain by a phantom

Skill      XL: |  1  2  3  4 |
---------------+-------------+-----
Fighting       | 4 |  4.2
Dodging        | 1 |  1.3
Armour         | 4 |  4.0
Shields        | 4 |  4.0
Maces & Flails | |  2.7

Action                   |  1- 3 |  4- 6 || total
-------------------------+-------+-------++-------
Melee: Flail             |   100 |    43 ||   143
  Use: Potion            |     1 |       ||     1
  Eat: Chunk             |     1 |       ||     1
Armor: Scale mail        |    64 |    75 ||   139
Dodge: Dodged            |    35 |    43 ||    78
Block: Shield            |    51 |    51 ||   102
